 Dungeon Crawl Stone Soup version 0.23-a0-629-gae4348f (webtiles) character file.

289930 mhoghedin the Spry (level 21, -5/139 HPs)
             Began as a Kobold Berserker on Dec 25, 2018.
             Was a High Priest of Trog.
             Slain by a vault warden
             ... wielding a +0 great sword
              (28 damage)
             ... on level 2 of the Vaults on Dec 27, 2018.
             The game lasted 01:52:23 (40830 turns).

mhoghedin the Spry (Kobold Berserker)              Turns: 40830, Time: 01:52:23

Health: -5/139     AC: 28    Str: 30    XL:     21   Next: 62%
Magic:  6/9        EV: 25    Int:  8    God:    Trog [*****.]
Gold:   1989       SH:  4    Dex: 16    Spells: 20/20 levels left

rFire    . . .     SeeInvis .   a - +7 lajatang (antimagic)
rCold    . . .     Gourm    .   (shield currently unavailable)
rNeg     + + .     Faith    .   A - +7 chain mail "Dokhoch" {rElec rPois rCorr Dex-5}
rPois    +         Spirit   .   Q - +0 hat {MR+}
rElec    +         Reflect  .   f - scarf {repulsion}
rCorr    +         Harm     .   s - +2 pair of gloves
MR       ++...                  V - +2 pair of boots "Enuiseng" {Dex+2}
Stlth    ..........             x - amulet of regeneration {+regen, !d}
HPRegen  0.73/turn              X - ring "Lammao" {rElec rN+ Str+6}
MPRegen  0.11/turn              T - ring of the Curious Tables {rN+ Dex+6}

@: about to teleport, repel missiles
A: small, large bone plates 1, carnivore, clumsy 1, MP-powered wands
}: 2/15 runes: barnacled, gossamer
a: Berserk, Trog's Hand, Brothers in Arms, Renounce Religion


You were on level 2 of the Vaults.
You worshipped Trog.
Trog was extremely pleased with you.
You were not hungry.

You visited 6 branches of the dungeon, and saw 33 of its levels.
You also visited: Sewer and Bailey.

You collected 3625 gold pieces.
You spent 1636 gold pieces at shops.

Inventory:

Hand Weapons
 a - a +7 antimagic lajatang (weapon)
   (Trog gifted it to you on level 1 of the Shoals)
 b - a +5 triple crossbow of freezing
   (Trog gifted it to you on level 1 of the Vaults)
 h - a +2 quarterstaff of crushing
   (You found it on level 8 of the Dungeon)
 H - a +6 lajatang of speed
   (You bought it in a shop on level 2 of the Orcish Mines)
Missiles
 B - 606 bolts
 D - 11 throwing nets {=f, !d}
Armour
 f - a scarf of repulsion (worn)
   (You found it on level 8 of the Dungeon)
 s - a +2 pair of gloves (worn)
   (You found it on level 1 of the Lair of Beasts)
 A - the +7 chain mail "Dokhoch" (worn) {rElec rPois rCorr Dex-5}
   (You found it on level 7 of the Dungeon)

   It affects your dexterity (-5).
   It insulates you from electricity.
   It protects you from poison.
   It provides partial protection from all sources of acid and corrosion.
 Q - a +0 hat of magic resistance (worn)
   (You acquired it on level 14 of the Dungeon)
 V - the +2 pair of boots "Enuiseng" (worn) {Dex+2}
   (You found it in a bailey)

   It affects your dexterity (+2).
Jewellery
 k - an uncursed ring of protection from cold {rC+, !d}
   (You found it on level 5 of the Lair of Beasts)
 n - an uncursed ring of wizardry {unknown}
   (You found it on level 2 of the Vaults)
 q - an uncursed ring of protection from magic {MR+, !d}
   (You found it on level 6 of the Dungeon)
 u - an uncursed ring of protection from fire {rF+, !d}
   (You found it on level 4 of the Dungeon)
 x - an amulet of regeneration (around neck) {+regen, !d}
   (You found it on level 1 of the Lair of Beasts)
 R - an uncursed ring of see invisible {sInv, !d}
   (You bought it in a shop on level 1 of the Orcish Mines)
 T - the ring of the Curious Tables (right hand) {rN+ Dex+6}
   (You bought it in a shop on level 1 of the Orcish Mines)

   [ring of positive energy]

   It affects your dexterity (+6).
   It protects you from negative energy.
 X - the ring "Lammao" (left hand) {rElec rN+ Str+6}
   (You found it on level 4 of the Shoals)

   [ring of positive energy]

   It affects your strength (+6).
   It insulates you from electricity.
   It protects you from negative energy.
Wands
 y - a wand of digging (7)
   (You found it on level 6 of the Dungeon)
 C - a wand of paralysis (6)
   (You found it on level 3 of the Lair of Beasts)
 E - a wand of disintegration (27)
   (You found it on level 2 of the Lair of Beasts)
 F - a wand of polymorph (1)
   (You found it on level 2 of the Shoals)
 I - a wand of iceblast (12)
   (You found it on level 12 of the Dungeon)
 O - a wand of clouds (6)
   (You found it on level 10 of the Dungeon)
 W - a wand of acid (9)
   (You found it on level 2 of the Shoals)
Scrolls
 g - 19 scrolls of remove curse
 i - 3 scrolls of blinking {!r}
 o - 7 scrolls of enchant armour
 r - 10 scrolls of teleportation
 L - a scroll of fog
 M - 2 scrolls of brand weapon
 Y - a scroll of silence
Potions
 d - 15 potions of curing
 e - 4 potions of agility
 j - 4 potions of brilliance
 l - 5 potions of heal wounds
 m - 6 potions of haste
 p - 3 potions of cancellation
 t - 2 potions of might
 w - 3 potions of lignification {!q}
 J - 2 potions of mutation {!q}
 K - 4 potions of magic
 N - a potion of berserk rage {!q}
 P - 7 potions of ambrosia
 S - 2 potions of resistance
 Z - a potion of flight
Miscellaneous
 v - a lamp of fire (inert)
   (You found it on level 1 of the Lair of Beasts)
 z - 2 phantom mirrors
 G - a phial of floods
   (You found it on level 3 of the Spider Nest)
Comestibles
 c - 33 rations


   Skills:
 - Level 17.2 Fighting
   Level 5.3 Short Blades
 - Level 14.0 Staves
 + Level 17.8 Crossbows
 - Level 15.7 Armour
 - Level 18.4 Dodging
 - Level 2.4 Stealth
 - Level 11.6 Evocations


You had 20 spell levels left.
You didn't know any spells.
Your spell library was empty.

Dungeon Overview and Level Annotations

Branches:
Dungeon (15/15)            Temple (0/1) D:4            Lair (6/6) D:8
 Shoals (4/4) Lair:4       Spider (4/4) Lair:4        Slime (0/5) Lair:6
    Orc (2/2) D:9             Elf (0/3) Orc:2        Vaults (2/5) D:13
  Crypt (0/3) Vaults:2     Depths (0/5) D:15

Altars:
Ashenzari
Fedhas
Kikubaaqudgha
Nemelex Xobeh
Ru
Vehumet
Wu Jian
Xom
Yredelemnul
The Shining One
Beogh

Shops:
D:4 *(!   D:5 [   D:13 [   Orc:1 =(*((:   Orc:2 (=!*   Shoals:3 (

Annotations:
D:4 1 runed door, bli's ghost, amateur MfAK
D:15 3 runed doors, Oheajuiq's ghost, journeyman FoAK


Innate Abilities, Weirdness & Mutations

You are small and have problems with some larger weapons.
You are carnivorous and can eat meat at any time.
You are partially covered in large bone plates. (SH +4)
You are clumsy. (Dex -2)
You expend magic power (3 MP) to strengthen your wands.


Message History

The great orb of eyes's magic leaks into the air.
The vault guard is engulfed in blazing flames.
The great orb of eyes bites you but does no damage.
You regained 2 hp, and now have 99/139 hp.
Your chain mail "Dokhoch" prevents you from hitting the great orb of eyes.
The ironbrand convoker casts a spell at the vault guard.
The vault guard seems to grow stronger.
You block the vault warden's attack.
You hear a shout!
You hit the great orb of eyes.
The great orb of eyes's magic leaks into the air.
Your skin stops crawling.
You feel less resistant to hostile enchantments.
The vault guard is engulfed in blazing flames.
The great orb of eyes closely misses you.
You slash the great orb of eyes!
The great orb of eyes's magic leaks into the air.
The vault warden activates a sealing rune.
The doors slam shut!
You are pushed out of the doorway!
The great orb of eyes falters for a moment.
A kobold and a troll come into view.
You slice the deep troll like a ripe choko!!!
You kill the deep troll!
Trog accepts your kill.
You are engulfed in blazing flames.
The ironbrand convoker is engulfed in blazing flames.
The ironbrand convoker casts a spell at the human.
The human seems to grow stronger.
The vault guard closely misses you.
The troll moves out of view.
You take 11 damage, and have 90/139 hp.
You slash the great orb of eyes!
The great orb of eyes's magic leaks into the air.
You are engulfed in blazing flames.
A vault warden opens the door.
The great orb of eyes falters for a moment.
The human closely misses you.
The ironbrand convoker is engulfed in blazing flames.
You take 2 damage, and have 88/139 hp.
You hit the great orb of eyes but do no damage.
You are engulfed in blazing flames.
The vault guard misses you. The great orb of eyes gazes at you.
You resist with almost no effort.
You take 4 damage, and have 84/139 hp.
You slash the great orb of eyes!
The great orb of eyes's magic leaks into the air.
You are engulfed in blazing flames.
The ironbrand convoker is engulfed in blazing flames.
You kill the ironbrand convoker!
Trog accepts your kill.
Trog appreciates your killing of a magic user.
You slash the great orb of eyes!
The great orb of eyes's magic leaks into the air.
The vault guard hits you but does no damage.
The vault warden hits you with a +0 great sword!!
The great orb of eyes bites you but does no damage.
You take 20 damage, and have 65/139 hp.
You are too injured to fight recklessly!
You are too injured to fight recklessly!
You hit the great orb of eyes.
The great orb of eyes's magic leaks into the air.
The great orb of eyes completely misses you.
The vault guard hits you with a +0 dire flail!
The ironbrand convoker completely misses you.
The vault warden hits you but does no damage.
You take 13 damage, and have 52/139 hp.
You slice the great orb of eyes!!
You kill the great orb of eyes!
Trog accepts your kill.
A deep troll comes into view.
The vault sentinel blows a loud note on a signal horn!
The vault warden hits you with a +0 great sword!!
* * * LOW HITPOINT WARNING * * *
Items here: ))) [[[[ †† You take 18 damage, and have 34/139 hp.
The vault warden hits you with a +0 great sword!
* * * LOW HITPOINT WARNING * * *
Things that are here:
a +1 war axe; a bolt You take 6 damage, and have 28/139 hp.
As you read the scroll of teleportation, it crumbles to dust.
You feel strangely unstable. The vault guard completely misses you.
Unknown command.
That item cannot be evoked!
Aim: a vault guard, wielding a +0 dire flail and wearing a +0 plate armour You feel a surge of power!
You create a blast of flame!
The vault warden activates a sealing rune.
A door slams shut!
The vault guard is engulfed in blazing flames.
The vault guard hits you with a +0 dire flail!
* * * LOW HITPOINT WARNING * * *
The human is engulfed in blazing flames.
Something unseen opens the door.
The deep troll is engulfed in blazing flames.
The vault sentinel is engulfed in blazing flames.
The vault sentinel blows a loud note on a signal horn!
You take 7 damage, and have 22/139 hp.
You now have 6/9 mp.
You hit the vault warden.
The vault warden's magic leaks into the air.
The vault warden hits you with a +0 great sword!!
You die... .......# .pp

#...... .......# #.. ### #......
.......# .#..# ####.####......
.†.....# +..# #.##.##.#......
.......# #..## #..#.#..#......
.......####...+ ##.....##......
.......#..#...# ##...###......
.......'..#§§p######.....##......
.......##'##Tppp@##..#.#..'......
.......#...#T##p###.##.##.#......
.......#...T..#[.#####.####......
.......+...#..#..# ### #......
.......#...#..#..# #......
.......########### #......
.......# #...... .......# #......
.......# #......


You could see a vault warden, a vault guard, a deep troll, a vault sentinel, an
ironbrand convoker, a troll and a human.

Vanquished Creatures
  Arachne (Spider:2)
  A tentacled monstrosity (Vaults:1)
  A kraken (Shoals:4)
  Kirke (D:13)
  Roxanne (Spider:2)
  5 vault wardens
  Louise (D:14)
  4 ghost moths
  4 emperor scorpions
  A deep elf sorcerer (Vaults:1)
  10 ironheart preservers
  3 stone giants (Vaults:2)
  2 entropy weavers (Spider:2)
  A deep elf demonologist (Vaults:1)
  3 spark wasps
  Azrael (Orc:2)
  A deep elf death mage (Vaults:1)
  2 merfolk javelineers (Shoals:4)
  4 merfolk impalers
  The ghost of Jestus the Grappler, a journeyman TrMo (Lair:2)
  A fire dragon (Vaults:1)
  4 yaktaur captains (Vaults:1)
  Erolcha (Orc:2)
  The ghost of Shiggs the Spear-Bearer, a journeyman DgFi (D:13)
  A great orb of eyes (Vaults:2)
  Fannar (Orc:1)
  8 vault guards
  2 ogre magi (Vaults:1)
  3 ice dragons
  5 hydras
  A catoblepas (Lair:6)
  2 merfolk avatars
  8 centaur warriors
  4 merfolk aquamancers
  3 alligator snapping turtles (Shoals:4)
  2 death knights
  18 two-headed ogres
  30 death yaks
  Erica (D:9)
  3 deep troll earth magi (Vaults:1)
  5 orc high priests
  4 deep troll shamans
  Sonja (Orc:1)
  Nergalle (D:11)
  4 skeletal warriors (Vaults:2)
  2 deep elf knights (Vaults:1)
  11 sea snakes
  3 unseen horrors
  A glowing orange brain (Vaults:2)
  A flayed ghost (Vaults:2)
  A wizard (Vaults:1)
  10 deep trolls
  8 ironbrand convokers
  3 deep elf archers (Vaults:1)
  31 harpies
  20 orb spiders
  14 orc knights
  3 deep elf magi (Vaults:1)
  35 wolf spiders
  3 oklob plants
  11 fauns
  7 orc sorcerers
  8 cyclopes
  15 ugly things
  5 merfolk sirens
  2 cyclopes (shapeshifter) (D:15)
  A frost giant skeleton (Vaults:2)
  5 elephants (Lair:6)
  3 moths of wrath
  Maurice (Orc:1)
  2 vault sentinels
  15 manticores
  Joseph (D:9)
  Psyche (D:9)
  A guardian serpent (shapeshifter) (Vaults:2)
  4 stone giant skeletons (Vaults:2)
  5 water nymphs
  A fire giant skeleton (Vaults:2)
  4 centaur zombies
  3 gargoyles
  4 black mambas
  13 spiny frogs
  A torpor snail (Spider:3)
  2 rime drakes
  23 yaktaurs
  12 demonic crawlers
  8 komodo dragons
  2 kobold demonologists (Bailey)
  2 komodo dragons (shapeshifter)
  3 meliai (D:13)
  3 tengu conjurers
  A yaktaur skeleton (Vaults:2)
  7 hornets
  35 merfolk
  2 trolls
  Prince Ribbit (D:8)
  41 jumping spiders
  2 polar bears (Lair:6)
  15 hippogriffs
  6 wind drakes
  A hornet (shapeshifter) (Vaults:1)
  18 blink frogs
  9 slime creatures
  7 dream sheep
  10 snapping turtles
  81 redbacks
  An ettin skeleton (Vaults:2)
  38 tarantellas
  12 water elementals
  2 vampires (D:12)
  A shadow (D:12)
  3 fire elementals (Orc:2)
  2 hogs (shapeshifter)
  9 humans
  2 wraiths (Vaults:1)
  26 yaks
  A wyvern (D:11)
  A basilisk (D:14)
  A hog (D:13)
  A basilisk (shapeshifter) (D:14)
  3 hungry ghosts
  A yaktaur simulacrum (Vaults:1)
  Edmund (D:5)
  Menkaure (D:5)
  6 wargs
  A soldier ant (shapeshifter) (Vaults:1)
  A soldier ant (D:12)
  A water moccasin (shapeshifter) (Vaults:2)
  2 acid dragons
  8 water moccasins
  4 hell hounds
  28 orc warriors
  5 ice beasts
  5 porcupines
  6 sky beasts
  An eye of draining (D:13)
  2 black bears
  7 wolves (Lair:6)
  19 ogres
  7 boggarts
  6 human skeletons (Vaults:2)
  18 centaurs
  8 crocodiles
  4 big kobolds
  22 bullfrogs
  3 wyvern zombies
  3 scorpions
  11 wights
  7 howler monkeys
  7 electric eels
  4 crimson imps
  A bullfrog zombie (D:10)
  A human simulacrum (Vaults:1)
  6 jellies
  14 orc priests
  2 bullfrog skeletons
  5 centaur skeletons
  2 hounds
  Terence (D:2)
  3 iguanas
  25 orc wizards
  14 worker ants
  2 hell rats (Lair:1)
  A killer bee zombie (D:9)
  A hound zombie (D:5)
  A howler monkey zombie (D:8)
  2 worker ant zombies
  9 gnolls
  19 adders
  10 river rats (Lair:1)
  A shadow imp (D:13)
  8 oozes
  2 adder zombies
  5 adder skeletons
  5 dart slugs
  19 leopard geckos
  70 orcs
  14 giant cockroaches
  20 goblins
  12 hobgoblins
  10 jackals
  13 kobolds
  2 quokkas
  15 ball pythons
  9 bats
  6 frilled lizards (Sewer)
  A giant cockroach zombie (D:6)
  A jackal skeleton (D:4)
  8 rats
  4 plants
  3 tentacles (Shoals:4)
1361 creatures vanquished.

Vanquished Creatures (collateral kills)
  Gastronok (Lair:2)
  An ironheart preserver (Vaults:1)
  A dire elephant (Lair:6)
  Harold (D:7)
  2 death yaks
  A deep elf archer (Vaults:1)
  A wizard (Vaults:1)
  An orb spider (Spider:4)
  5 orc knights
  An orc sorcerer (Orc:1)
  A demonic crawler (Spider:4)
  A jumping spider (Spider:2)
  2 tarantellas (Spider:4)
  A hog (D:13)
  3 wargs (Orc:1)
  A black bear (D:7)
  2 orc warriors
  An ogre (Orc:1)
  A big kobold (D:7)
  4 orc priests
  An adder (D:6)
  5 orcs
  A giant cockroach (D:6)
  2 kobolds (D:7)
  A quokka (D:7)
42 creatures vanquished.

Vanquished Creatures (others)
  Nikola (Spider:3)
  A vault guard (D:13)
  A merfolk aquamancer (Shoals:1)
  2 ogre magi
  A deep elf knight (Vaults:1)
  A wolf spider (Spider:3)
  A deep elf mage (D:12)
  A slime creature (Vaults:1)
  A tarantella (Spider:3)
  4 redbacks (Spider:3)
  A boggart (Vaults:1)
  An orc (D:13)
  2 bushes (Lair:4)
  4 fungi
  8 plants
  10 tentacles (Shoals:4)
  A withered plant (D:4)
41 creatures vanquished.

Grand Total: 1444 creatures vanquished

Notes
Turn   | Place    | Note
-------+----------+-------------------------------------------
     0 | D:1      | mhoghedin the Kobold Berserker began the quest for the Orb.
     0 | D:1      | Reached XP level 1. HP: 14/14 MP: 1/1
    31 | D:1      | Reached skill level 1 in Stealth
   251 | D:1      | Reached XP level 2. HP: 18/19 MP: 2/2
   490 | D:1      | Reached skill level 2 in Stealth
   576 | D:1      | Reached XP level 3. HP: 13/23 MP: 3/3
  1219 | D:2      | Reached ** piety under Trog
  1295 | D:2      | Noticed Terence
  1308 | D:2      | Killed Terence
  1308 | D:2      | Reached skill level 5 in Short Blades
  1308 | D:2      | Reached XP level 4. HP: 28/28 MP: 4/4
  1558 | D:2      | Found a shimmering altar of Xom.
  1567 | D:2      | Reached skill level 2 in Armour
  1567 | D:2      | Reached skill level 3 in Dodging
  1776 | D:2      | Found a faded altar of an unknown god.
  1794 | D:2      | You fall through a shaft!
  2205 | D:3      | Reached XP level 5. HP: 33/33 MP: 5/5
  2289 | D:3      | Reached skill level 4 in Fighting
  2517 | D:3      | You fall through a shaft!
  2518 | D:4      | Found Ytza's Antique Weapon Emporium.
  2525 | D:4      | Reached skill level 1 in Staves
  2747 | D:3      | Found a sparkling altar of Nemelex Xobeh.
  2927 | D:2      | Reached *** piety under Trog
  3121 | D:4      | Found Haddis's Distillery.
  3136 | D:4      | Bought a potion of heal wounds for 70 gold pieces
  3136 | D:4      | Bought a potion of heal wounds for 70 gold pieces
  3156 | D:4      | Reached XP level 6. HP: 38/38 MP: 6/6
  3166 | D:4      | Reached skill level 2 in Staves
  3186 | D:4      | Found a staircase to the Ecumenical Temple.
  3247 | D:4      | Found a sacrificial altar of Ru.
  3293 | D:4      | Found a shattered altar of Ashenzari.
  3310 | D:4      | Found a runed door.
  3311 | D:4      | Noticed bli's ghost (amateur MfAK)
  3483 | D:4      | Found Yzxoticy's Assorted Antiques.
  3493 | D:4      | Bought a purple potion for 27 gold pieces
  3493 | D:4      | Bought a scroll labeled ZONLOCOUSUS for 30 gold pieces
  3560 | D:4      | Reached skill level 3 in Staves
  3764 | D:5      | Entered Level 5 of the Dungeon
  3791 | D:5      | Reached XP level 7. HP: 32/43 MP: 7/7
  3898 | D:5      | Reached skill level 4 in Staves
  3914 | D:5      | Found Tuitec's Antique Armour Shoppe.
  3951 | D:5      | Reached skill level 5 in Staves
  3996 | D:5      | Found a glowing golden altar of the Shining One.
  4034 | D:5      | Noticed Edmund
  4034 | D:5      | Noticed Menkaure
  4052 | D:5      | Killed Edmund
  4054 | D:5      | Killed Menkaure
  4054 | D:5      | Reached skill level 6 in Staves
  4054 | D:5      | Reached XP level 8. HP: 44/48 MP: 8/8
  4234 | D:5      | Found a basalt altar of Yredelemnul.
  4676 | D:5      | Noticed an angel
  4860 | D:6      | Reached skill level 7 in Staves
  4915 | D:6      | Found a glowing drain.
  4924 | Sewer    | Entered a sewer
  5032 | Sewer    | Reached **** piety under Trog
  5235 | Sewer    | Reached skill level 4 in Dodging
  5430 | D:6      | Found a sacrificial altar of Ru.
  5444 | D:6      | Reached skill level 3 in Armour
  5444 | D:6      | Reached XP level 9. HP: 36/53 MP: 9/9
  5448 | D:6      | Reached skill level 5 in Fighting
  5668 | D:6      | Noticed Prince Ribbit
  5731 | D:6      | Reached ***** piety under Trog
  5731 | D:6      | Reached skill level 5 in Dodging
  6262 | D:7      | Reached skill level 8 in Staves
  6392 | D:7      | Got a heavily runed chain mail
  6403 | D:7      | Identified the +7 chain mail "Dokhoch" {rElec rPois rCorr
                  | Dex-5} (You found it on level 7 of the Dungeon)
  6446 | D:7      | Found a glowing golden altar of the Shining One.
  6492 | D:7      | Noticed Harold
  6511 | D:7      | Killed Harold
  6511 | D:7      | Reached skill level 6 in Fighting
  6511 | D:7      | Reached skill level 4 in Armour
  6511 | D:7      | Reached skill level 6 in Dodging
  6524 | D:7      | Reached XP level 10. HP: 61/61 MP: 10/10
  6569 | D:7      | Noticed a cyan ugly thing
  6586 | D:7      | Killed a cyan ugly thing
  6862 | D:7      | Reached skill level 7 in Dodging
  6871 | D:7      | Reached skill level 7 in Fighting
  6890 | D:7      | HP: 11/63 [something (13)]
  7060 | D:7      | Reached skill level 5 in Armour
  7614 | D:8      | Noticed a death yak
  7616 | D:8      | Noticed a death yak
  7631 | D:8      | Killed a death yak
  7632 | D:8      | Noticed a death yak
  7640 | D:8      | Killed a death yak
  7640 | D:8      | Reached skill level 9 in Staves
  7652 | D:8      | Killed a death yak
  7652 | D:8      | Reached skill level 8 in Dodging
  7671 | D:8      | Reached skill level 8 in Fighting
  7671 | D:8      | Reached XP level 11. HP: 45/68 MP: 11/11
  7685 | D:8      | Found a staircase to the Lair.
  7937 | D:8      | Killed Prince Ribbit
  8117 | D:8      | Noticed a two-headed ogre
  8126 | D:8      | Killed a two-headed ogre
  8126 | D:8      | Reached skill level 6 in Armour
  8407 | D:8      | Found an ornate altar of the Wu Jian Council.
  8492 | Lair:1   | Entered Level 1 of the Lair of Beasts
  8505 | Lair:1   | Reached skill level 9 in Dodging
  8510 | Lair:1   | HP: 17/69 [poisoned by a spiny frog]
  8516 | Lair:1   | HP: 14/69 [poisoned by a spiny frog]
  8521 | Lair:1   | HP: 13/69 [poisoned by a spiny frog]
  8526 | Lair:1   | HP: 12/69 [poisoned by a spiny frog]
  9155 | Lair:1   | Noticed a six-headed hydra
  9174 | Lair:1   | Killed a six-headed hydra
  9272 | Lair:1   | Reached skill level 9 in Fighting
  9287 | Lair:1   | HP: 12/71 [porcupine (11)]
  9614 | Lair:1   | Reached skill level 10 in Staves
  9874 | Lair:2   | Found a runed door.
 10049 | Lair:2   | Noticed Gastronok
 10077 | Lair:2   | Killed Gastronok
 10077 | Lair:2   | Reached skill level 7 in Armour
 10077 | Lair:2   | Reached XP level 12. HP: 76/76 MP: 12/12
 10171 | Lair:2   | Reached skill level 10 in Dodging
 10572 | Lair:2   | Noticed Jestus's ghost (journeyman TrMo)
 10708 | Lair:3   | Got a heavily runed lead amulet
 10712 | Lair:3   | Identified the amulet "Asosm" {RegenMP Str+3} (You found it
                  | on level 3 of the Lair of Beasts)
 11163 | Lair:3   | Reached skill level 10 in Fighting
 11719 | Lair:3   | Identified a scroll of acquirement
 11728 | Lair:4   | Noticed a death yak
 11728 | Lair:4   | Noticed a death yak
 11728 | Lair:4   | Noticed a death yak
 11728 | Lair:4   | Noticed a death yak
 11728 | Lair:4   | Noticed a death yak
 11777 | Lair:4   | Noticed a seven-headed hydra
 11793 | Lair:4   | Killed a seven-headed hydra
 11896 | Lair:4   | Reached skill level 11 in Dodging
 11991 | Lair:4   | Found a staircase to the Shoals.
 12122 | Lair:4   | Killed a death yak
 12122 | Lair:4   | Reached skill level 8 in Armour
 12130 | Lair:4   | Killed a death yak
 12130 | Lair:4   | Reached skill level 11 in Staves
 12142 | Lair:4   | Killed a death yak
 12150 | Lair:4   | Killed a death yak
 12150 | Lair:4   | Reached XP level 13. HP: 51/84 MP: 13/13
 12277 | Lair:4   | Found a hole to the Spider Nest.
 12482 | Lair:4   | Reached skill level 11 in Fighting
 12586 | Lair:4   | Reached skill level 12 in Dodging
 13185 | Lair:5   | Reached skill level 9 in Armour
 13603 | Lair:5   | Reached skill level 12 in Fighting
 13746 | Lair:5   | Reached XP level 14. HP: 87/92 MP: 14/14
 13760 | Lair:5   | Reached skill level 12 in Staves
 14091 | Lair:5   | Reached skill level 13 in Dodging
 14349 | Lair:6   | Entered Level 6 of the Lair of Beasts
 14400 | Lair:5   | Upgraded the game from 0.23-a0-625-g1d2cd9b to
                  | 0.23-a0-629-gae4348f
 14768 | Lair:6   | Found a staircase to the Slime Pits.
 15072 | Lair:6   | Reached skill level 10 in Armour
 15338 | Lair:6   | Received a gift from Trog
 15451 | Lair:6   | HP: 22/92 [death yak (10)]
 15455 | Lair:6   | HP: 4/92 [death yak (13)]
 15590 | Lair:6   | Reached skill level 13 in Fighting
 15628 | Lair:6   | Noticed a dire elephant
 15633 | Lair:6   | Killed a dire elephant
 15895 | Lair:2   | HP: 18/141 [Jestus's ghost (28)]
 15899 | Lair:2   | Killed Jestus's ghost
 16122 | D:9      | Reached XP level 15. HP: 97/98 MP: 15/15
 16133 | D:9      | Found a staircase to the Orcish Mines.
 16140 | D:9      | Noticed Erica
 16167 | D:9      | Killed Erica
 16167 | D:9      | Reached skill level 14 in Dodging
 16203 | D:9      | Found a blossoming altar of Fedhas.
 16252 | D:9      | Noticed Joseph
 16273 | D:9      | Killed Joseph
 16640 | D:9      | Noticed Psyche
 16646 | D:9      | Killed Psyche
 17172 | D:10     | Entered Level 10 of the Dungeon
 17820 | D:10     | Found a radiant altar of Vehumet.
 18424 | D:11     | Noticed Nergalle
 18443 | D:11     | Killed Nergalle
 18443 | D:11     | Reached skill level 13 in Staves
 19191 | Orc:1    | Entered Level 1 of the Orcish Mines
 19270 | Orc:1    | Found Fifeack's Weapon Shop.
 19338 | Orc:1    | Noticed Fannar
 19361 | Orc:1    | Killed Fannar
 19434 | Orc:1    | Found Rikamej's Weapon Emporium.
 19555 | Orc:1    | Found Odwyg's Jewellery Boutique.
 19563 | Orc:1    | Bought an uncursed ring of see invisible for 225 gold
                  | pieces
 19563 | Orc:1    | Bought the ring of the Curious Tables {rN+ Dex+6} for 594
                  | gold pieces
 19627 | Orc:1    | Found Sinoenid's Book Shoppe.
 19646 | Orc:1    | Found Somam's Weapon Boutique.
 19652 | Orc:1    | Found Fuomnaho's Assorted Antiques.
 19654 | Orc:1    | Noticed Maurice
 19667 | Orc:1    | Killed Maurice
 19670 | Orc:1    | Reached skill level 11 in Armour
 19672 | Orc:1    | Received a gift from Trog
 19676 | Orc:1    | Noticed Sonja
 19700 | Orc:1    | Killed Sonja
 19831 | Orc:2    | Entered Level 2 of the Orcish Mines
 19850 | Orc:2    | Noticed Azrael
 19959 | Orc:2    | Reached skill level 14 in Fighting
 19966 | Orc:2    | Killed Azrael
 20148 | Orc:2    | Found Relitwih's Weapon Shoppe.
 20541 | Orc:2    | Found a roughly hewn altar of Beogh.
 20555 | Orc:2    | Noticed Erolcha
 20562 | Orc:2    | Killed Erolcha
 20655 | Orc:2    | Reached skill level 15 in Dodging
 20771 | Orc:2    | Reached XP level 16. HP: 67/106 MP: 16/16
 20998 | Orc:2    | Bought a +3 lajatang of speed for 620 gold pieces
 21056 | Orc:2    | Found Litz's Gadget Boutique.
 21056 | Orc:2    | Found Wyofi's Jewellery Shoppe.
 21070 | Orc:2    | Found Vaeciq's General Store.
 21070 | Orc:2    | Found Rofaozul's Distillery.
 21215 | Orc:2    | Found a staircase to the Elven Halls.
 21931 | D:12     | Received a gift from Trog
 22537 | D:13     | Found Hewn's Armour Emporium.
 22542 | D:13     | Noticed Kirke
 22576 | D:13     | Killed Kirke
 22640 | D:13     | Found a runed door.
 22680 | D:13     | Noticed Shiggs's ghost (journeyman DgFi)
 22716 | D:13     | Killed Shiggs's ghost
 22898 | D:13     | Found a gate to the Vaults.
 23121 | D:13     | HP: 24/107 [meliai/+0 war axe (3)]
 23277 | D:13     | Reached skill level 14 in Staves
 23562 | D:14     | Found a flagged portal.
 23578 | Bailey   | Entered a bailey
 23628 | Bailey   | Found an iron altar of Okawaru.
 23914 | Bailey   | Received a gift from Trog
 23976 | Bailey   | Got a pair of brightly glowing boots
 24016 | Bailey   | Identified the +2 pair of boots "Enuiseng" {Dex+2} (You
                  | found it in a bailey)
 24373 | D:14     | Reached skill level 15 in Fighting
 24373 | D:14     | Reached skill level 16 in Dodging
 24387 | D:14     | Reached skill level 12 in Armour
 24516 | D:14     | Noticed Louise
 24531 | D:14     | Killed Louise
 25203 | D:15     | Entered Level 15 of the Dungeon
 25228 | D:15     | Reached XP level 17. HP: 42/113 MP: 17/17
 25476 | D:15     | Noticed Oheajuiq's ghost (journeyman FoAK)
 25501 | D:15     | Found a runed gate.
 25501 | D:15     | Found a runed gate.
 25502 | D:15     | Found a runed gate.
 25859 | D:15     | Reached skill level 1 in Evocations
 25887 | D:15     | Received a gift from Trog
 25903 | D:15     | Reached skill level 2 in Evocations
 25965 | D:15     | Found a staircase to the Depths.
 26752 | Spider:1 | Entered Level 1 of the Spider Nest
 26778 | Spider:1 | Reached skill level 1 in Crossbows
 26807 | Spider:1 | Reached skill level 3 in Evocations
 26825 | Spider:1 | Reached skill level 2 in Crossbows
 26934 | Spider:1 | Reached skill level 4 in Evocations
 26945 | Spider:1 | Reached skill level 3 in Crossbows
 27020 | Spider:1 | Reached skill level 4 in Crossbows
 27066 | Spider:1 | Reached skill level 5 in Evocations
 27454 | Spider:1 | Received a gift from Trog
 27482 | Spider:1 | Reached ****** piety under Trog
 27491 | Spider:1 | Reached skill level 5 in Crossbows
 27510 | Spider:1 | HP: 28/113 [wolf spider (8)]
 27520 | Spider:1 | Reached skill level 6 in Evocations
 27931 | Spider:2 | Received a gift from Trog
 27931 | Spider:2 | Reached skill level 6 in Crossbows
 27963 | Spider:2 | Reached skill level 7 in Evocations
 28148 | Spider:2 | Reached skill level 7 in Crossbows
 28173 | Spider:2 | HP: 42/169 [poisoned by a redback]
 28178 | Spider:2 | HP: 25/113 [poisoned by a redback]
 28183 | Spider:1 | HP: 21/113 [poisoned by a redback]
 28188 | Spider:1 | HP: 22/113 [poisoned by a redback]
 28194 | Spider:1 | HP: 25/113 [poisoned by a redback]
 28199 | Spider:1 | HP: 28/113 [poisoned by a redback]
 28352 | Spider:2 | Identified Roxanne's Incunabulum of the Rocks
 28352 | Spider:2 | Noticed Roxanne
 28377 | Spider:2 | Killed Roxanne
 28377 | Spider:2 | Reached skill level 8 in Evocations
 28639 | Spider:2 | Noticed Arachne
 28658 | Spider:2 | Killed Arachne
 28658 | Spider:2 | Reached skill level 8 in Crossbows
 29010 | Spider:2 | Reached skill level 9 in Evocations
 29136 | Spider:3 | Noticed Nikola
 29177 | Spider:3 | HP: 27/113 [disintegration (39)]
 29191 | Spider:2 | HP: 19/113 [demonic crawler (8)]
 29335 | Spider:3 | Reached XP level 18. HP: 119/119 MP: 24/24
 29409 | Spider:3 | Reached skill level 9 in Crossbows
 29413 | Spider:3 | HP: 14/119 [disintegration (49)]
 29583 | Spider:2 | Received a gift from Trog
 29974 | Spider:3 | Reached skill level 10 in Evocations
 30169 | Spider:3 | Reached skill level 10 in Crossbows
 30263 | Spider:3 | Killed Nikola
 30739 | Spider:4 | Entered Level 4 of the Spider Nest
 31036 | Spider:4 | Reached skill level 11 in Evocations
 31249 | Spider:4 | Reached skill level 11 in Crossbows
 31358 | Spider:4 | Identified the +1 ring mail "Logisedgh" {rC+ MR+ Stlth+}
                  | (You found it on level 4 of the Spider Nest)
 31510 | Spider:4 | Received a gift from Trog
 31615 | Spider:4 | Reached skill level 12 in Crossbows
 31636 | Spider:4 | HP: 24/119 [wolf spider (6)]
 31641 | Spider:4 | HP: 18/119 [poisoned by a wolf spider]
 31645 | Spider:4 | HP: 8/119 [wolf spider (2)]
 31645 | Spider:4 | HP: 2/119 [wolf spider (6)]
 31913 | Spider:4 | Reached skill level 13 in Crossbows
 32267 | Spider:4 | Got a gossamer rune of Zot
 32508 | Shoals:1 | Entered Level 1 of the Shoals
 32537 | Lair:4   | Reached XP level 19. HP: 101/124 MP: 27/27
 32637 | Lair:4   | Reached skill level 14 in Crossbows
 32732 | Shoals:1 | HP: 31/124 [merfolk siren/cursed -2 trident (1)]
 32923 | Shoals:1 | Received a gift from Trog
 33648 | Shoals:2 | Reached skill level 13 in Armour
 34505 | Shoals:3 | HP: 31/125 [barbs]
 34732 | Shoals:3 | Gained mutation: You are clumsy. (Dex -2) [potion of
                  | mutation]
 34732 | Shoals:3 | Gained mutation: You expend magic power (3 MP) to
                  | strengthen your wands. [potion of mutation]
 34732 | Shoals:3 | Gained mutation: You are partially covered in large bone
                  | plates. (SH +4) [potion of mutation]
 35027 | Shoals:3 | Received a gift from Trog
 35243 | Shoals:3 | Found Begolaev's Antique Weapon Shoppe.
 35293 | Shoals:4 | Entered Level 4 of the Shoals
 35308 | Shoals:4 | Received a gift from Trog
 35327 | Shoals:4 | Reached skill level 17 in Dodging
 35553 | Shoals:4 | Reached skill level 16 in Fighting
 35854 | Shoals:4 | Received a gift from Trog
 35854 | Shoals:4 | Reached skill level 15 in Crossbows
 36243 | Shoals:4 | Reached skill level 14 in Armour
 36243 | Shoals:4 | Reached XP level 20. HP: 80/131 MP: 28/28
 36445 | Shoals:4 | Got a barnacled rune of Zot
 36714 | Shoals:4 | Got a pitted granite ring
 36742 | Shoals:4 | Identified the ring "Lammao" {rElec rN+ Str+6} (You found
                  | it on level 4 of the Shoals)
 37059 | Vaults:1 | Entered Level 1 of the Vaults
 37241 | Vaults:1 | Received a gift from Trog
 37742 | Vaults:1 | Found an ancient bone altar of Kikubaaqudgha.
 37851 | Vaults:1 | Received a gift from Trog
 38328 | Vaults:1 | Reached skill level 18 in Dodging
 38595 | Vaults:1 | Reached skill level 15 in Armour
 38668 | Vaults:1 | Noticed a tentacled monstrosity
 38678 | Vaults:1 | Killed a tentacled monstrosity
 38678 | Vaults:1 | Reached skill level 17 in Fighting
 38749 | Vaults:1 | Reached XP level 21. HP: 96/139 MP: 9/29
 39016 | Vaults:1 | Received a gift from Trog
 39241 | Vaults:1 | Reached skill level 16 in Crossbows
 39271 | Vaults:1 | HP: 33/139 [deep troll earth mage[an ironheart preserver]
                  | (11)]
 39742 | Vaults:2 | Found a staircase to the Crypt.
 39791 | Vaults:2 | HP: 28/139 [flayed ghost/flay_damage (10)]
 40292 | Vaults:2 | Reached skill level 17 in Crossbows
 40826 | Vaults:2 | HP: 34/139 [vault warden/+0 great sword (19)]
 40830 | Vaults:2 | Slain by a vault warden

Vault maps used:
D:1:      nicolae_arrival_somewhat_less_tricky_arrival, serial_glass,
          glass_columns_b, glass_columns_a
D:2:      xom_teletrap_fun, chequers_ecumenical_altar_island,
          minmay_misc_feat_secret_circle, uniq_terence
D:3:      lemuel_coloured_pillars_altar, first_ration
D:4:      nicolae_ru_the_path_less_chosen, overflow_temple_1_default,
          minmay_temple_entry_large_hall, serial_shops, nicolae_shop_crystal,
          nicolae_shop_trees, shop, gammafunk_ghost_grave,
          minmay_misc_feat_square, grunt_ministairs_15
D:5:      grunt_temple_overflow_holy_war, serial_shops, shop, uniq_edmund,
          uniq_menkaure
D:6:      portal_sewer_entry_a, basic_altar, uniq_prince_ribbit1
D:7:      tso_metal_star, uniq_harold
D:8:      lemuel_doored_altar, dpeg_lair_monsters
D:9:      kennysheep_six_static_rooms, fedhas_ov_isle_minmay,
          nicolae_overflow_hidden_temple, minmay_orc_entry_guard_dogs,
          uniq_psyche, uniq_erica, uniq_joseph
D:10:     basic_altar, hangedman_ranch
D:11:     minmay_hedge_maze, chequers_avenue, uniq_nergalle
D:12:     hangedman_abyss_or_decor_stagger, lemuel_nasty_fountain
D:13:     ximxim_vaults_locker_room, hellmonk_ghost_happy_afterlife,
          serial_shops, shop, uniq_kirke
D:14:     enter_bailey_2, uniq_louise
D:15:     gammafunk_enter_depths_forms, grunt_decor_resistance,
          maelrawn_ghost_gauntlet_escape
Lair:1:   kennysheep_rathole, serial_bayou_shore_a
Lair:2:   ebering_ghost_reflecting_pool, serial_forest,
          infiniplex_forest_clump_cross, infiniplex_forest_lined_4_way,
          infiniplex_forest_clump_diagonal, infiniplex_forest_straight_2,
          infiniplex_forest_clump_medium, infiniplex_forest_straight_2,
          infiniplex_forest_lined_4_way, infiniplex_forest_clump_curved,
          uniq_gastronok
Lair:4:   shoals_dummy_entry, spider_nest_entry_webs
Lair:5:   serial_bayou_shore_b
Lair:6:   grunt_lair_end_beastmaster, minmay_slime_entry_pillars,
          grunt_megastairs_2
Shoals:3: serial_shops, shop
Shoals:4: shoals_end_hangedman, nicolae_shoals_this_corrosion
Spider:2: uniq_arachne, uniq_roxanne
Spider:3: nicolae_spider_cling_ruins, uniq_nikola
Spider:4: grunt_spider_rune_parallel
Orc:1:    serial_shops, shop, shop, shop_statue, shop, nicolae_shop_trees,
          guppyfry_orc_lava_fort, uniq_fannar, uniq_sonja, uniq_maurice
Orc:2:    grunt_orc_tribal_feast, serial_shops, nicolae_shop_waterfront,
          bh_open_orc_temple, uniq_azrael, uniq_erolcha
Vaults:1: hangedman_vaults_snaps, vaults_room_boxed,
          nicolae_vaults_c_with_doors, nicolae_vaults_circle_grid_b,
          nicolae_vaults_theta, v_misc_11, hangedman_vaults_nails,
          grunt_vaults_swirl, v_misc_26, vaults_dpeg_hooks,
          hangedman_vaults_impose, basic_altar
Vaults:2: nicolae_vaults_asterisk, vaults_room_pools,
          minmay_crypt_entry_skeletal_spiral, nicolae_vaults_circle_grid_b,
          nicolae_vaults_holding_cells, ontoclasm_vaults_chip, v_misc_24,
          vaults_room_grunt_arrival_ludios, v_rooms_2, v_misc_22, v_misc_27,
          ontoclasm_vaults_shuriken
Sewer:    sewer_frog_island_02
Bailey:   bailey_axe_of_yendor_kennysheep, bailey

Skill      XL: |  1  2  3  4  5  6  7  8  9 10 11 12 13 14 15 16 17 18 19 20 21 |
---------------+----------------------------------------------------------------+-----
Stealth        | 1 2 |  2.4
Short Blades   | 5 |  5.3
Armour         | 2 3 4 5 7 8 9 10 11 12 14 15 | 15.7
Dodging        | 3 4 6 8 9 11 12 13 15 16 17 18 | 18.4
Fighting       | 4 6 8 9 10 12 13 14 15 16 17 | 17.2
Staves         | 1 3 6 7 8 9 10 11 12 13 14 | 14.0
Evocations     | 9 11 | 11.6
Crossbows      | 8 13 15 17 | 17.8

Action                   |  1- 3 |  4- 6 |  7- 9 | 10-12 | 13-15 | 16-18 | 19-21 || total
-------------------------+-------+-------+-------+-------+-------+-------+-------++-------
Melee: Short sword       |   110 |   129 |       |       |       |       |       ||   239
       Quarterstaff      |       |   108 |   392 |   447 |    36 |     7 |       ||   990
       Lajatang          |       |       |       |    66 |  1152 |  1563 |  1204 ||  3985
 Fire: Arbalest          |       |       |       |       |       |   351 |   320 ||   671
       Triple crossbow   |       |       |       |       |       |       |   152 ||   152
Invok: Berserk           |     2 |     1 |     3 |    11 |     9 |    10 |     4 ||    40
       Trog's Hand       |       |       |     2 |     4 |    14 |     7 |    12 ||    39
       Brothers in Arms  |       |       |     3 |     3 |     4 |     2 |     1 ||    13
Evoke: Wand              |       |       |     2 |     6 |    10 |    21 |    12 ||    51
       Lamp of fire      |       |       |       |     2 |     2 |     2 |     2 ||     8
       Phial of floods   |       |       |       |       |       |       |     1 ||     1
  Use: Scroll            |     3 |     9 |     1 |    12 |     9 |    19 |     8 ||    61
       Potion            |       |       |       |    11 |     2 |     6 |     1 ||    20
 Stab: Sleeping          |     2 |       |       |       |       |       |       ||     2
       Invisible         |       |       |       |     1 |     2 |       |       ||     3
       Confused          |       |       |       |       |     3 |     1 |       ||     4
       Distracted        |       |       |       |       |     2 |       |       ||     2
  Eat: Chunk             |     2 |    14 |    25 |    32 |    23 |    15 |    36 ||   147
       Ration            |       |     1 |       |       |     9 |    19 |     1 ||    30
Armor: Animal skin       |     4 |       |       |       |       |       |       ||     4
       Plate armour      |    44 |   186 |   338 |       |       |       |       ||   568
       Chain mail        |       |       |    26 |   191 |   380 |   734 |   446 ||  1777
       Skin              |       |       |       |       |    21 |       |       ||    21
Dodge: Dodged            |    57 |    87 |   246 |   303 |   782 |  1651 |  1283 ||  4409
       Deflected         |     2 |     1 |     6 |     4 |    15 |    11 |   121 ||   160
Block: Other             |       |       |       |       |       |       |   164 ||   164

Table legend:
 A = Non-vault XP
 B = Vault XP
 C = Vault XP percentage of total XP
 D = Non-vault monster count
 E = Vault monster count
 F = Vault count percentage of total count
                 A         B        C        D         E       F
            +---------+---------+-------+---------+---------+-------
      Total |  300106 |  167220 |  35.8 |     953 |     448 |  32.0
            +---------+---------+-------+---------+---------+-------
        D:1 |      36 |       0 |   0.0 |      18 |       0 |   0.0
        D:2 |      42 |      36 |  46.2 |      22 |       1 |   4.3
        D:3 |     114 |       0 |   0.0 |      19 |       0 |   0.0
        D:4 |     181 |       4 |   2.2 |      18 |       2 |  10.0
        D:5 |     417 |     290 |  41.0 |       9 |       2 |  18.2
        D:6 |    1185 |       1 |   0.1 |      35 |       1 |   2.8
        D:7 |    2091 |     559 |  21.1 |      43 |       1 |   2.3
        D:8 |    1293 |    3008 |  69.9 |       8 |       8 |  50.0
        D:9 |    1711 |    2702 |  61.2 |      17 |      12 |  41.4
       D:10 |    3850 |    2195 |  36.3 |      25 |       8 |  24.2
       D:11 |    3022 |     808 |  21.1 |      27 |       1 |   3.6
       D:12 |    7774 |       0 |   0.0 |      30 |       0 |   0.0
       D:13 |    9983 |    7953 |  44.3 |      38 |      15 |  28.3
       D:14 |    9489 |    1705 |  15.2 |      29 |       1 |   3.3
       D:15 |    5525 |    3675 |  39.9 |      11 |      12 |  52.2
     Lair:1 |    3395 |     198 |   5.5 |      13 |      13 |  50.0
     Lair:2 |    2861 |    2149 |  42.9 |      12 |       2 |  14.3
     Lair:3 |    3471 |       0 |   0.0 |      14 |       0 |   0.0
     Lair:4 |   14772 |     225 |   1.5 |      31 |       1 |   3.1
     Lair:5 |   20936 |       0 |   0.0 |      39 |       0 |   0.0
     Lair:6 |    3583 |   12663 |  77.9 |      15 |      34 |  69.4
   Shoals:1 |   18382 |       0 |   0.0 |      41 |       0 |   0.0
   Shoals:2 |   13462 |       0 |   0.0 |      30 |       0 |   0.0
   Shoals:3 |   16416 |       0 |   0.0 |      35 |       0 |   0.0
   Shoals:4 |   11662 |   19377 |  62.4 |      26 |      30 |  53.6
   Spider:1 |   18900 |       0 |   0.0 |      53 |       0 |   0.0
   Spider:2 |   18177 |    5413 |  22.9 |      53 |       2 |   3.6
   Spider:3 |   18904 |    3958 |  17.3 |      51 |       1 |   1.9
   Spider:4 |   14942 |   23808 |  61.4 |      41 |      54 |  56.8
      Orc:1 |    3710 |    9217 |  71.3 |      30 |      27 |  47.4
      Orc:2 |    1815 |   11497 |  86.4 |      11 |      41 |  78.8
   Vaults:1 |   51981 |   32426 |  38.4 |      86 |      44 |  33.8
   Vaults:2 |   16024 |   19273 |  54.6 |      23 |      36 |  61.0
      Sewer |       0 |     380 | 100.0 |       0 |      55 | 100.0
     Bailey |       0 |    3700 | 100.0 |       0 |      44 | 100.0
            +---------+---------+-------+---------+---------+-------

Vault maps used:
D:1:      nicolae_arrival_somewhat_less_tricky_arrival, serial_glass,
          glass_columns_b, glass_columns_a
D:2:      xom_teletrap_fun, chequers_ecumenical_altar_island,
          minmay_misc_feat_secret_circle, uniq_terence
D:3:      lemuel_coloured_pillars_altar, first_ration
D:4:      nicolae_ru_the_path_less_chosen, overflow_temple_1_default,
          minmay_temple_entry_large_hall, serial_shops, nicolae_shop_crystal,
          nicolae_shop_trees, shop, gammafunk_ghost_grave,
          minmay_misc_feat_square, grunt_ministairs_15
D:5:      grunt_temple_overflow_holy_war, serial_shops, shop, uniq_edmund,
          uniq_menkaure
D:6:      portal_sewer_entry_a, basic_altar, uniq_prince_ribbit1
D:7:      tso_metal_star, uniq_harold
D:8:      lemuel_doored_altar, dpeg_lair_monsters
D:9:      kennysheep_six_static_rooms, fedhas_ov_isle_minmay,
          nicolae_overflow_hidden_temple, minmay_orc_entry_guard_dogs,
          uniq_psyche, uniq_erica, uniq_joseph
D:10:     basic_altar, hangedman_ranch
D:11:     minmay_hedge_maze, chequers_avenue, uniq_nergalle
D:12:     hangedman_abyss_or_decor_stagger, lemuel_nasty_fountain
D:13:     ximxim_vaults_locker_room, hellmonk_ghost_happy_afterlife,
          serial_shops, shop, uniq_kirke
D:14:     enter_bailey_2, uniq_louise
D:15:     gammafunk_enter_depths_forms, grunt_decor_resistance,
          maelrawn_ghost_gauntlet_escape
Lair:1:   kennysheep_rathole, serial_bayou_shore_a
Lair:2:   ebering_ghost_reflecting_pool, serial_forest,
          infiniplex_forest_clump_cross, infiniplex_forest_lined_4_way,
          infiniplex_forest_clump_diagonal, infiniplex_forest_straight_2,
          infiniplex_forest_clump_medium, infiniplex_forest_straight_2,
          infiniplex_forest_lined_4_way, infiniplex_forest_clump_curved,
          uniq_gastronok
Lair:4:   shoals_dummy_entry, spider_nest_entry_webs
Lair:5:   serial_bayou_shore_b
Lair:6:   grunt_lair_end_beastmaster, minmay_slime_entry_pillars,
          grunt_megastairs_2
Shoals:3: serial_shops, shop
Shoals:4: shoals_end_hangedman, nicolae_shoals_this_corrosion
Spider:2: uniq_arachne, uniq_roxanne
Spider:3: nicolae_spider_cling_ruins, uniq_nikola
Spider:4: grunt_spider_rune_parallel
Orc:1:    serial_shops, shop, shop, shop_statue, shop, nicolae_shop_trees,
          guppyfry_orc_lava_fort, uniq_fannar, uniq_sonja, uniq_maurice
Orc:2:    grunt_orc_tribal_feast, serial_shops, nicolae_shop_waterfront,
          bh_open_orc_temple, uniq_azrael, uniq_erolcha
Vaults:1: hangedman_vaults_snaps, vaults_room_boxed,
          nicolae_vaults_c_with_doors, nicolae_vaults_circle_grid_b,
          nicolae_vaults_theta, v_misc_11, hangedman_vaults_nails,
          grunt_vaults_swirl, v_misc_26, vaults_dpeg_hooks,
          hangedman_vaults_impose, basic_altar
Vaults:2: nicolae_vaults_asterisk, vaults_room_pools,
          minmay_crypt_entry_skeletal_spiral, nicolae_vaults_circle_grid_b,
          nicolae_vaults_holding_cells, ontoclasm_vaults_chip, v_misc_24,
          vaults_room_grunt_arrival_ludios, v_rooms_2, v_misc_22, v_misc_27,
          ontoclasm_vaults_shuriken
Sewer:    sewer_frog_island_02
Bailey:   bailey_axe_of_yendor_kennysheep, bailey

Table legend:
 A = Turns spent in this place as a percentage of turns spent in the entire game.
 B = Non-inter-level travel turns spent in this place as a percentage of non-inter-level travel turns spent in the entire game.
 C = Inter-level travel turns spent in this place as a percentage of turns spent in this place.
 D = Turns resting spent in this place as a percentage of non-inter-level travel turns spent in this place.
 E = Turns spent auto-exploring this place as a percentage of non-inter-level travel turns spent in this place.
 F = Non-inter-level travel turns spent in this place divided by the number of levels of this place that you've seen.
                   A       B       C       D       E      F
               +-------+-------+-------+-------+-------+----------------------
         Total | 100.0 | 100.0 |   5.9 |  19.3 |  52.3 | 1098.3
       Dungeon |  38.5 |  37.9 |   7.5 |  13.1 |  63.6 | 970.0
          Lair |  20.1 |  19.7 |   7.9 |  24.9 |  50.8 | 1262.7
        Shoals |  10.0 |  10.2 |   3.4 |  18.1 |  49.3 | 983.0
   Spider Nest |  14.0 |  14.4 |   3.2 |  33.0 |  34.9 | 1384.5
  Orcish Mines |   6.0 |   5.9 |   7.5 |  15.0 |  50.9 | 1136.5
        Vaults |   8.9 |   9.3 |   1.6 |  18.3 |  44.4 | 1788.0
         Sewer |   0.9 |   1.0 |   0.0 |   0.0 |  23.7 | 384.0
        Bailey |   1.5 |   1.6 |   0.0 |  12.3 |  48.0 | 610.0
               +-------+-------+-------+-------+-------+----------------------

Table legend:
 A = Kills in this place as a percentage of kills in entire the game.
 B = Kills by you in this place as a percentage of kills by you in the entire game.
 C = Kills by friends in this place as a percentage of kills by friends in the entire game.
 D = Other kills in this place as a percentage of other kills in the entire game.
 E = Experience gained in this place as a percentage of experience gained in the entire game.
 F = Experience gained in this place divided by the number of levels of this place that you have seen.
                   A       B       C       D       E      F
               +-------+-------+-------+-------+-------+----------------------
         Total | 100.0 | 100.0 | 100.0 | 100.0 | 100.0 | 13352.2
       Dungeon |  29.5 |  29.2 |  42.9 |   0.0 |  14.9 | 4643.3
          Lair |  12.4 |  12.6 |   7.1 |   0.0 |  13.7 | 10708.8
        Shoals |  11.6 |  11.9 |   0.0 |  14.3 |  17.0 | 19824.8
   Spider Nest |  18.2 |  18.4 |  11.9 |  14.3 |  22.3 | 26025.5
  Orcish Mines |   7.8 |   7.0 |  31.0 |  14.3 |   5.6 | 13119.5
        Vaults |  13.5 |  13.5 |   7.1 |  57.1 |  25.6 | 59852.0
         Sewer |   3.9 |   4.1 |   0.0 |   0.0 |   0.1 | 380.0
        Bailey |   3.1 |   3.3 |   0.0 |   0.0 |   0.8 | 3700.0
               +-------+-------+-------+-------+-------+----------------------
